 Dungeon Crawl Stone Soup version 0.16-a0-2930-gdd371d7 (webtiles) character file.

121 myeffort the Digger (level 4, 19/36 HPs)
             Began as a Deep Dwarf Earth Elementalist on Nov 26, 2014.
             Quit the game on level 2 of the Dungeon on Dec 2, 2014.
             The game lasted 00:07:19 (1568 turns).

myeffort the Digger (Deep Dwarf Earth Elementalist) Turns: 1568, Time: 00:07:19

Health: 19/36      AC:  2    Str: 11    XL:     4   Next: 76%
Magic:  7/7        EV: 12    Int: 17    God:
Gold:   71         SH:  4    Dex: 13    Spells: 2 memorised, 4 levels left

rFire  . . .     SeeInvis .     b - 63 stones
rCold  . . .     Clarity  .     c - +0 robe
rNeg   . . .     SustAb   .     r - +0 buckler
rPois  +         Gourm    .     (no helmet)
rElec  .         Spirit   .     (no cloak)
rCorr  .         Warding  .     (no gloves)
rMut   .         Stasis   .     (no boots)
MR     .....                    (no amulet)
Stlth  ++........               (no ring)
                                j - ring of poison resistance

@: non-regenerating, not resistant to hostile enchantments, unstealthy
A: damage resistance, recharge devices, sense surroundings 1, slow healing 3
a: Device Recharging


You were on level 2 of the Dungeon.
You were not hungry.

You visited 1 branch of the dungeon, and saw 3 of its levels.

You collected 71 gold pieces.

Inventory:

Hand weapons
 a - a +0 whip
 q - a +0 hand axe
Missiles
 b - 63 stones (in hand)
Armour
 c - a +0 robe (worn)
 r - a +0 buckler (worn)
Jewellery
 j - a ring of poison resistance (left hand)
 m - a +3 ring of evasion {unknown}
Magical devices
 l - a wand of heal wounds (5)
Scrolls
 h - 3 scrolls of identify
Potions
 k - a potion of mutation {unknown}
 n - 2 potions of cancellation {unknown}
 p - a potion of resistance {unknown}
 t - a potion of flight
Books
 d - a book of Geomancy

   Spells                             Type                      Level
   a - Sandblast                      Earth                        1
   b - Stoneskin                      Transmutation/Earth          2
   c - Passwall                       Transmutation/Earth          3
   d - Stone Arrow                    Conjuration/Earth            3
   e - Petrify                        Transmutation/Earth          4
   f - Lee's Rapid Deconstruction     Earth                        5
Comestibles
 f - 2 bread rations
 v - 3 chunks of flesh


   Skills:
 - Level 2.1 Dodging
 - Level 2.4 Stealth
 * Level 2.0 Shields
 - Level 2.0 Spellcasting
 - Level 0.8 Transmutations
 + Level 6.5 Earth Magic


You had 4 spell levels left.
You knew the following spells:

 Your Spells              Type           Power        Failure   Level  Hunger
a - Sandblast             Erth           ###...       1%          1    #......
b - Stoneskin             Trmt/Erth      ##......     10%         2    ###....


Dungeon Overview and Level Annotations

Branches:
Dungeon (3/15)

Altars:


Innate Abilities, Weirdness & Mutations

You are resistant to damage.
You can recharge devices by infusing magical energy.
You passively map a small area around you.
You do not heal naturally.


Message History

You don't know that spell.
Forget which spell ([?*] list [ESC] exit)?
Okay, then.
It was a scroll of amnesia.
Read which item? (? for menu, Esc to quit)
As you read the scroll labeled YRCHUY DISEU, it crumbles to dust.
You feel strangely unstable.
It was a scroll of teleportation.
Your surroundings seem slightly different.
There is a stone staircase leading up, spattered with blood here.
There is a stone staircase leading up, spattered with blood here.
Read which item? (? for menu, Esc to quit)
Blink to where?
Press: ? - help, Dir - move target cursor, f - you Are you sure you want to cancel this blink?
Okay, then.
It was a scroll of blinking.
Save game and exit?
Welcome back, myeffort the Deep Dwarf Earth Elementalist.
Press ? for a list of commands and other information.
Are you sure you want to abandon this character and quit the game? (Confirm with "yes".)

#############
#...........#
#...........#
#...........#
#........§§.#####
#......§.@§.[...#
#........§§.§>..#
########§§§.....#
#####
###.§§.§...######....
#.'.§§§....'...†'÷†..
###........######....
#........# #.<..
########## #####


There were no monsters in sight!

Vanquished Creatures
  An orc wizard (D:3)
  4 adders
  A worm (D:2)
  2 giant geckos (D:3)
  3 orcs (D:3)
  7 bats
  8 giant cockroaches
  3 goblins
  5 hobgoblins (D:1)
  A quokka (D:2)
  A ball python (D:3)
  4 giant newts (D:1)
  3 kobolds
  6 rats
49 creatures vanquished.

Notes
Turn   | Place    | Note
--------------------------------------------------------------
     0 | D:1      | myeffort, the Deep Dwarf Earth Elementalist, began the quest for the Orb.
     0 | D:1      | Reached XP level 1. HP: 15/15 MP: 2/2
   262 | D:1      | Reached XP level 2. HP: 22/22 MP: 1/4
   380 | D:1      | Learned a level 2 spell: Stoneskin
   484 | D:1      | Reached skill level 5 in Earth Magic
   832 | D:1      | Reached XP level 3. HP: 24/28 MP: 3/6
  1001 | D:2      | Reached skill level 6 in Earth Magic
  1302 | D:3      | Reached XP level 4. HP: 20/36 MP: 2/7
  1410 | D:3      | Reached skill level 1 in Shields
  1513 | D:3      | Noticed an ogre
  1568 | D:2      | Upgraded the game from 0.16-a0-2736-g1697cd3 to 0.16-a0-2930-gdd371d7
  1568 | D:2      | Quit the game

Action                   |  1- 3 |  4- 6 || total
-------------------------+-------+-------++-------
Melee: Unarmed           |     2 |       ||     2
       Hand axe          |    15 |       ||    15
       Whip              |     4 |       ||     4
 Cast: Sandblast         |    69 |    12 ||    81
  Use: Scroll            |       |     6 ||     6
  Eat: Chunk             |     2 |     1 ||     3
